 Dungeon Crawl Stone Soup version 0.26-a0-651-gb41185065b (webtiles) character file.

Game seed: 9436663051812956389

5 Lanoc the Sneak (level 1, -1/21 HPs)
             Began as a Naga Delver on Oct 30, 2020.
             Slain by a jackal zombie (2 damage)
             ... in an ossuary.
             The game lasted 00:00:59 (123 turns).

Lanoc the Sneak (Naga Delver)                        Turns: 123, Time: 00:00:59

Health: -1/21      AC:  1    Str: 14    XL:     1   Next: 80%
Magic:  1/1        EV:  9    Int: 10    God:
Gold:   0          SH:  0    Dex: 12    Spells: 0/0 levels left

rFire    . . .     SeeInvis +   a - +0 short sword
rCold    . . .     Faith    .   (no shield)
rNeg     . . .     Spirit   .   b - +0 leather armour
rPois    +         Reflect  .   (no helmet)
rElec    .         Harm     .   (no cloak)
rCorr    .         Rampage  .   (no gloves)
MR       .....                  (no barding)
Stlth    +++.......             (no amulet)
HPRegen  0.07/turn              (no ring)
MPRegen  0.07/turn              (no ring)

@: very slow
A: large, see invisible, deformed body, poison resistance, slowness 2, spit
poison 1, AC +0
a: Spit Poison


You were in an ossuary.
You visited 1 branch of the dungeon, and saw 1 of its levels.
You also visited: Ossuary.

Inventory:

Hand Weapons
 a - a +0 short sword (weapon)
Armour
 b - a +0 leather armour (worn)
Wands
 g - a wand of digging (3)
Scrolls
 c - a scroll of fog
 e - a scroll of fear
Potions
 f - a potion of haste


   Skills:
 + Level 3.1 Fighting
 - Level 2.0 Short Blades
 + Level 1.7 Dodging
 * Level 7.5 Stealth


You couldn't memorise any spells.
You didn't know any spells.
Your spell library was empty.

Dungeon Overview and Level Annotations

Branches:
Dungeon (5/15)            Ossuary (1/1)
 Temple: D:4-7

Altars:


Innate Abilities, Weirdness & Mutations

You cannot wear boots.
Your serpentine skin is tough. (AC +0)
You have supernaturally acute eyesight. (SInv)
Armour fits poorly on your strangely shaped body.
Your system is resistant to poisons. (rPois)
You cover ground very slowly.
You can spit poison.


Message History

The adder zombie is almost destroyed.
The adder zombie bites you.
* * * LOW HITPOINT WARNING * * *
You closely miss the adder zombie.
The adder zombie is almost destroyed.
The adder zombie barely misses you. The adder zombie bites you.
* * * LOW HITPOINT WARNING * * *
You hit the adder zombie.
The adder zombie is almost destroyed.
The adder zombie bites you.
* * * LOW HITPOINT WARNING * * *
You hit the adder zombie.
You destroy the adder zombie!
You barely miss the jackal zombie.
The jackal zombie bites you but does no damage.
The jackal zombie bites you.
* * * LOW HITPOINT WARNING * * *
It was a potion of magic.
Magic courses through your body. The jackal zombie bites you.
You die...

...# #..# #..#
#.∩# #### #..#
#... #..# #.
#..# #.∩# #.
#..# #..# ##..
#@# ##..# #...
#Z###...#
#....#ZZ.#...#
##....##Z##...#
#..ZZ..#'#....#
.....Z........#
..............#
###############


You could see 2 jackal zombies and 2 goblin zombies.

Vanquished Creatures
  An adder zombie (Ossuary)
  A quokka (D:5)
  A rat zombie (Ossuary)
3 creatures vanquished.

Notes
Turn   | Place    | Note
-------+----------+-------------------------------------------
     0 | D:5      | Lanoc the Naga Delver began the quest for the Orb.
     0 | D:5      | Reached XP level 1. HP: 21/21 MP: 1/1
    86 | D:5      | Found a sand-covered staircase.
    93 | Ossuary  | Entered an ossuary
   122 | Ossuary  | HP: 1/21 [jackal zombie (1)]
   123 | Ossuary  | Slain by a jackal zombie

Illustrated notes

Levels and vault maps discovered:
D:5:      layout_loops_ring, lemuel_coloured_pillars_altar,
          chequers_ossuary_entry_cave, uniq_prince_ribbit1
Ossuary:  minmay_ossuary_two_tombs

Action                   || total
-------------------------++-------
Melee: Short sword       ||    17
 Abil: Spit Poison       ||     1
  Use: Scroll            ||     1
       Potion            ||     1
 Stab: Sleeping          ||     1
Armor: Leather armour    ||     2
Dodge: Dodged            ||    12

Table legend: (Time is in decaauts)
 A = Elapsed time spent in this place.
 B = Non-inter-level travel time spent in this place.
 C = Inter-level travel time spent in this place.
 D = Time resting spent in this place.
 E = Time spent auto-exploring this place.
 F = Levels seen in this place.
 G = Mean time per level.
                   A        B        C        D        E       F      G
               +--------+--------+--------+--------+--------+-----+--------+
         Total |    146 |    146 |      0 |     38 |      9 |   2 |   73.0 |
       Dungeon |    111 |    111 |      0 |     38 |      0 |   1 |  111.0 |
       Ossuary |     35 |     35 |      0 |      0 |      9 |   1 |   35.0 |
               +--------+--------+--------+--------+--------+-----+--------+

Top non-repeatable levels by time:
     D:5: 111 daAuts
 Ossuary: 35 daAuts
